 Dungeon Crawl Stone Soup version 0.25-a0-294-gea9b1ad378 (webtiles) character file.

Game seed: 9704524621358658972, levelgen mode: classic

104 Borgoz the Cudgeler (level 4, -9/28 HPs)
             Began as a Gargoyle Berserker on Dec 19, 2019.
             Was a Follower of Trog.
             Killed from afar by Ijyb (21 damage)
             ... with an iceblast
             ... on level 3 of the Dungeon.
             The game lasted 00:01:07 (1709 turns).

Borgoz the Cudgeler (Gargoyle Berserker)            Turns: 1709, Time: 00:01:08

Health: -9/28      AC:  5    Str: 20    XL:     4   Next: 80%
Magic:  4/4        EV: 12    Int:  8    God:    Trog [*.....]
Gold:   113        SH:  0    Dex: 10    Spells: 3/3 levels left

rFire    . . .     SeeInvis .   a - +0 mace
rCold    . . .     Gourm    .   (no shield)
rNeg     + . .     Faith    .   b - +0 animal skin
rPois    ∞         Spirit   .   (no helmet)
rElec    +         Reflect  .   (no cloak)
rCorr    .         Harm     .   (no gloves)
MR       .....                  (no boots)
Stlth    +.........             (no amulet)
HPRegen  0.09/turn              (no ring)
MPRegen  0.09/turn              (no ring)

@: no status effects
A: negative energy resistance 1, electricity resistance, unbreathing,
petrification resistance, rot immunity, AC +3
a: Berserk, Renounce Religion


You were on level 3 of the Dungeon.
You worshipped Trog.
Trog was aware of your devotion.
You were not hungry.

You visited 1 branch of the dungeon, and saw 3 of its levels.

You collected 113 gold pieces.

Inventory:

Hand Weapons
 a - a +0 mace (weapon)
Missiles
 m - a throwing net (quivered)
Armour
 b - a +0 animal skin (worn)
Scrolls
 d - 3 scrolls of identify {unknown}
 e - 2 scrolls of teleportation {unknown}
 f - a scroll of amnesia {unknown}
 i - 3 scrolls of remove curse {unknown}
 j - 3 scrolls of random uselessness {unknown}
 k - a scroll of fog {unknown}
Potions
 g - a potion of heal wounds {unknown}
 h - 2 potions of curing
 l - a potion of lignification {unknown}
Comestibles
 c - 3 rations
 n - 4 chunks of flesh


   Skills:
 - Level 3.2 Fighting
 + Level 3.9 Maces & Flails
 + Level 3.5 Armour
 + Level 2.6 Dodging


You had 3 spell levels left.
You didn't know any spells.
Your spell library was empty.

Dungeon Overview and Level Annotations

Branches:
Dungeon (3/15)

Altars:

Annotations:
D:3 Ijyb


Innate Abilities, Weirdness & Mutations

You are resistant to torment.
Your stone body is resilient. (AC +3)
You are immune to poison.
You resist negative energy. (rN+)
You are resistant to electric shocks. (rElec)
You can survive without breathing.
You are immune to petrification.
You are immune to rotting.


Message History

Trog accepts your kill.
No target in view!
Found a leather armour.
Things that are here:
a stone; a kobold corpse
d - 3 scrolls labeled VIEFFOLAN (gained 1) Ijyb the Twisted Goblin comes into view.
She is wielding a -3 dagger and carrying a wand of iceblast (7).
Ijyb shouts!
Ijyb is nearby!
Ijyb is nearby!
Ijyb zaps a wand.
The mass of ice explodes!
The iceblast engulfs you!
Ijyb zaps a wand.
The mass of ice explodes!
The iceblast engulfs you!
* * * LOW HITPOINT WARNING * * *
You are too injured to fight recklessly!
You are too injured to fight recklessly!
You are too injured to fight recklessly!
It was a potion of curing.
You feel better.
Ijyb zaps a wand.
The mass of ice explodes!
The iceblast engulfs you!!
Ouch! That really hurt!
You die...

####### ......# ......#
......### .......[#
......#.#
......#.#############.#
......#.##......@.....#
#...###.##.#########g.#
.....##.##.######
(.................
......#.##.####.##
....#.####.# #####.#
#.# # # #.# ### #.#


You could see Ijyb.

Vanquished Creatures
  2 orc wizards
  2 adders (D:2)
  2 dart slugs (D:1)
  An orc (D:3)
  3 bats (D:1)
  3 goblins
  2 hobgoblins
  A quokka (D:3)
  A ball python (D:2)
  3 frilled lizards
  3 kobolds
  4 rats
27 creatures vanquished.

Notes
Turn   | Place    | Note
-------+----------+-------------------------------------------
     0 | D:1      | Borgoz the Gargoyle Berserker began the quest for the Orb.
     0 | D:1      | Reached XP level 1. HP: 14/14 MP: 1/1
    93 | D:1      | Reached XP level 2. HP: 14/19 MP: 2/2
   972 | D:2      | Reached XP level 3. HP: 21/23 MP: 3/3
   999 | D:2      | Found a faded altar of an unknown god.
  1293 | D:2      | Reached XP level 4. HP: 15/28 MP: 4/4
  1706 | D:3      | Noticed Ijyb
  1709 | D:3      | Killed from afar by Ijyb

Levels and vault maps discovered:
D:1:      onia_arrival_mini_maze, layout_loops_cross
D:2:      minmay_inner_zag, layout_loops_cross, chequers_ecumenical_altar_lobes,
          first_ration, minmay_cut_off
D:3:      layout_loops_ring, ebering_ghost_reflecting_pool, uniq_ijyb

Skill      XL: |  1  2  3 |
---------------+----------+-----
Dodging        | 2 |  2.6
Armour         | 3 |  3.5
Fighting       | |  3.2
Maces & Flails | |  3.9

Action                   |  1- 3 |  4- 6 || total
-------------------------+-------+-------++-------
Melee: Mace              |    59 |    15 ||    74
Invok: Berserk           |     1 |     1 ||     2
  Use: Potion            |       |     1 ||     1
  Eat: Chunk             |     1 |     3 ||     4
Armor: Animal skin       |    29 |     7 ||    36
Dodge: Dodged            |    37 |     9 ||    46

Table legend:
 A = Non-vault XP
 B = Vault XP
 C = Vault XP percentage of total XP
 D = Non-vault monster count
 E = Vault monster count
 F = Vault count percentage of total count
                 A         B        C        D         E       F
            +---------+---------+-------+---------+---------+-------
      Total |     147 |       2 |   1.3 |      25 |       2 |   7.4
            +---------+---------+-------+---------+---------+-------
        D:1 |      21 |       2 |   8.7 |      10 |       2 |  16.7
        D:2 |      72 |       0 |   0.0 |       7 |       0 |   0.0
        D:3 |      54 |       0 |   0.0 |       8 |       0 |   0.0
            +---------+---------+-------+---------+---------+-------
